 Dungeon Crawl Stone Soup version 0.28-a0-667-g162e43154e (webtiles) character file.

Game seed: 480654953802523966

133 Lekart the Shield-Bearer (level 4, -3/40 HPs)
             Began as a Draconian Fighter on Oct 17, 2021.
             Slain by Grinder (5 damage)
             ... on level 3 of the Dungeon.
             The game lasted 00:04:44 (3424 turns).

Lekart the Shield-Bearer (Draconian Fighter)        Turns: 3424, Time: 00:04:45

Health: -3/40      AC:  5    Str: 19    XL:     4   Next: 93%
Magic:  4/4        EV: 12    Int:  8    God:
Gold:   141        SH:  8    Dex: 11    Spells: 3/3 levels left

rFire   . . .      SeeInvis +   a - +0 long sword
rCold   . . .      Faith    .   b - +0 buckler
rNeg    . . .      Spirit   .   (armour unavailable)
rPois   +          Reflect  .   (helmet restricted)
rElec   .          Harm     .   (no cloak)
rCorr   .          Rampage  .   (no gloves)
Will    .....                   (no boots)
Stlth   +.........              (no amulet)
HPRegen 0.13/turn               c - ring of see invisible
MPRegen 0.09/turn               (no ring)

@: flying
A: AC +5, unfitting armour, cold-blooded, big wings, large bone plates 1, poison
resistance
a: no special abilities


You were on level 3 of the Dungeon.
You visited 1 branch of the dungeon, and saw 3 of its levels.

You collected 141 gold pieces.

Inventory:

Hand Weapons
 a - a +0 long sword (weapon)
Missiles
 l - 5 boomerangs (quivered)
Armour
 b - a +0 buckler (worn)
Jewellery
 c - a ring of see invisible (left hand)
Scrolls
 d - a scroll of summoning {unknown}
 j - a scroll of fear {unknown}
 k - a scroll of blinking {unknown}
 n - a scroll of immolation {unknown}
 p - a scroll of fog {unknown}
 q - 2 scrolls of vulnerability {unknown}
Potions
 g - a potion of magic {unknown}
 m - a potion of brilliance {unknown}


   Skills:
 + Level 3.7 Fighting
 + Level 3.1 Long Blades
 + Level 0.7 Throwing
 + Level 3.3 Dodging
 + Level 0.8 Stealth
 + Level 3.9 Shields


You had 3 spell levels left.
You didn't know any spells.
Your spell library contained the following spells:

 Spells                   Type           Power      Damage    Failure   Level
 Animate Skeleton         Necr           0%         N/A       41%         1
 Apportation              Tloc           0%         N/A       41%         1
 Shock                    Conj/Air       0%         1d3       41%         1
 Summon Small Mammal      Summ           0%         N/A       41%         1
 Swiftness                Air            0%         N/A       78%         3
 Airstrike                Air            0%         N/A       99%         4


Dungeon Overview and Level Annotations

Branches:
Dungeon (3/15)

Altars:
Dithmenos
Elyvilon
Okawaru
Uskayaw
Xom
The Shining One

Annotations:
D:3 Grinder


Innate Abilities, Weirdness & Mutations

Your plain brown scales are hard. (AC +5)
You cannot fit into any form of body armour.
You are cold-blooded and may be slowed by cold attacks.
Your large and strong wings let you fly.
You are partially covered in large bone plates. (SH +4)
Your system is resistant to poisons. (rPois)


Message History

Grinder closely misses you.
You hit Grinder but do no damage.
You tail-slap Grinder, but do no damage.
Grinder is moderately wounded.
Grinder barely misses you. You block Grinder's attack.
You closely miss Grinder. You tail-slap Grinder.
Grinder is moderately wounded.
You block Grinder's attack.
You slash Grinder!
Grinder is heavily wounded.
Grinder hits you but does no damage.
You slash Grinder!
Grinder is severely wounded.
Grinder blinks!
Grinder zaps a wand.
The puff of flame hits you!
You are too injured to fight recklessly!
You are too injured to fight recklessly!
You are too injured to fight recklessly!
You hit Grinder.
Grinder is almost dead.
Grinder gestures at you. Pain shoots through your body!
* * * LOW HITPOINT WARNING * * *
Grinder gestures at you.
You suddenly lose the ability to move!
Grinder hits you.
* * * LOW HITPOINT WARNING * * *
Grinder hits you.
* * * LOW HITPOINT WARNING * * *
Grinder zaps a wand.
The puff of flame hits you.
* * * LOW HITPOINT WARNING * * *
You can move again.
Okay, then.
You closely miss Grinder.
Your tail-slap misses Grinder.
Grinder is severely wounded.
You block Grinder's attack.
You barely miss Grinder.
Grinder is severely wounded.
Grinder hits you.
You die...

####### #.# ......#
#.# ......# #.#
......# #.# ......#
#####.# ......#
#.....###
......#####.##....#
..................#
###.#######.####@.#
#.#.##...##.# #5.#
..#..##'##..# .#..#
.##....#....##.#..#
.[##.......##..#.##
[..'.......')..#.#
..##.......##..#.#
=##....⌠....##.#.#
##...........###


You could see Grinder.

Vanquished Creatures
  An orc priest (D:3)
  Robin (D:3)
  3 worms
  8 orcs
  7 endoplasms
  6 giant cockroaches
  12 goblins
  6 hobgoblins
  2 jackals (D:1)
  3 quokkas
  4 ball pythons
  2 bats
  3 frilled lizards
  8 kobolds
  2 rats
68 creatures vanquished.

Notes
Turn   | Place    | Note
-------+----------+-------------------------------------------
     0 | D:1      | Lekart the Draconian Fighter began the quest for the Orb.
     0 | D:1      | Reached XP level 1. HP: 19/19 MP: 1/1
   417 | D:1      | Reached XP level 2. HP: 17/26 MP: 2/2
   625 | D:1      | Found a faded altar of an unknown god.
  1359 | D:2      | Reached XP level 3. HP: 28/31 MP: 3/3
  1655 | D:2      | Found a hide-covered altar of Uskayaw.
  1877 | D:3      | Found a white marble altar of Elyvilon.
  1918 | D:3      | Found a shadowy altar of Dithmenos.
  1954 | D:3      | Noticed Robin
  1958 | D:3      | Found an iron altar of Okawaru.
  1970 | D:3      | Gained mutation: Your system is resistant to poisons.
                  | (rPois) [potion of mutation]
  1970 | D:3      | Gained mutation: You are partially covered in large bone
                  | plates. (SH +4) [potion of mutation]
  1970 | D:3      | Gained mutation: Your large and strong wings let you fly.
                  | [potion of mutation]
  2188 | D:3      | Reached XP level 4. HP: 20/39 MP: 4/4
  2924 | D:3      | Found a glowing golden altar of the Shining One.
  2924 | D:3      | HP: 1/40 [goblin[Robin] (5)]
  2935 | D:3      | Found a shimmering altar of Xom.
  3164 | D:3      | Killed Robin
  3406 | D:3      | Noticed Grinder
  3419 | D:3      | Paralysed by Grinder for 4 turns
  3422 | D:3      | HP: 1/40 [Grinder/puff of flame (5)]
  3424 | D:3      | Slain by Grinder

Illustrated notes

Levels and vault maps discovered:
D:1:      dpeg_arrival_short_road, layout_loops_ring,
          chequers_ecumenical_altar_island, st_stairs_2, chequers_arboretum,
          grunt_decor_arrowhead, serial_bayou_pond_e,
          chequers_serial_rivers_large_b
D:2:      layout_basic, basic_altar
D:3:      layout_basic, mainiacjoe_overflow_24_doors, okawaru_ov_weapons_minmay,
          mainiacjoe_overflow_catwalk_spiral, amcnicky_altar_gilded,
          minmay_pentangle, uniq_grinder, uniq_robin

Skill      XL: |  1  2  3  4 |
---------------+-------------+-----
Dodging        | 3 |  3.3
Long Blades    | 3 |  3.1
Fighting       | |  3.7
Throwing       | |  0.7
Stealth        | |  0.8
Shields        | |  3.9

Action                   |  1- 3 |  4- 6 || total
-------------------------+-------+-------++-------
Melee: Long sword        |   109 |    78 ||   187
       Tailslap          |     8 |     9 ||    17
Throw: Boomerang         |    21 |       ||    21
  Use: Potion            |     3 |     2 ||     5
       Scroll            |     2 |       ||     2
 Stab: Sleeping          |     3 |       ||     3
Armor: Skin              |    38 |    24 ||    62
Dodge: Dodged            |    67 |    53 ||   120
Block: Buckler           |    34 |    57 ||    91

Table legend: (Time is in decaauts)
 A = Elapsed time spent in this place.
 B = Non-inter-level travel time spent in this place.
 C = Inter-level travel time spent in this place.
 D = Time resting spent in this place.
 E = Time spent auto-exploring this place.
 F = Levels seen in this place.
 G = Mean time per level.
                   A        B        C        D        E       F      G
               +--------+--------+--------+--------+--------+-----+--------+
         Total |   3506 |   3469 |     37 |    617 |   2264 |   3 | 1168.7 |
       Dungeon |   3506 |   3469 |     37 |    617 |   2264 |   3 | 1168.7 |
               +--------+--------+--------+--------+--------+-----+--------+

Top non-repeatable levels by time:
     D:1: 1319 daAuts
     D:3: 1288 daAuts
     D:2: 899 daAuts
